 Dungeon Crawl Stone Soup version 0.22.1-2-g9c5b331383 (webtiles) character file.

1850 Knicklaso the Magician (level 8, -2/63 HPs)
             Began as a Demonspawn Wizard on Nov 24, 2018.
             Was a Follower of Kikubaaqudgha.
             Slain by a wight
             ... wielding a +0 dire flail
              (4 damage)
             ... on level 6 of the Dungeon.
             The game lasted 00:27:03 (6118 turns).

Knicklaso the Magician (Demonspawn Wizard)          Turns: 6118, Time: 00:27:05

Health: -2/63      AC:  5    Str:  9    XL:     8   Next: 88%
Magic:  0/17       EV: 11    Int: 21    God:    Kikubaaqudgha [*.....]
Gold:   295        SH:  6    Dex: 11    Spells: 11/19 levels left

rFire    + . .     SeeInvis .   o - +4 dagger (venom)
rCold    x . .     Gourm    .   n - +2 buckler
rNeg     . . .     Faith    .   a - +0 robe
rPois    .         Spirit   +   b - +0 hat
rElec    .         Reflect  .   A - scarf {repulsion}
rCorr    .         Harm     .   (no gloves)
MR       .....                  (no boots)
Stlth    ++........             (no amulet)
HPRegen  0.20/turn              u - ring of stealth
MPRegen  0.15/turn              t - ring of fire

@: heavily drained, repel missiles
A: antennae 1, thin metallic scales 2, spiny 1, magic shield
a: Receive Corpses, Renounce Religion


You were on level 6 of the Dungeon.
You worshipped Kikubaaqudgha.
Kikubaaqudgha was aware of your devotion.
You were not hungry.

You visited 2 branches of the dungeon, and saw 7 of its levels.

You collected 295 gold pieces.

Inventory:

Hand Weapons
 h - a +2 vampiric dagger
 o - a +4 dagger of venom (weapon)
 B - a +2 trident of flaming
Armour
 a - a +0 robe (worn)
 b - a +0 hat (worn)
 n - a +2 buckler (worn)
 A - a scarf of repulsion (worn)
Jewellery
 c - an uncursed ring of positive energy
 t - a ring of fire (right hand)
 u - a ring of stealth (left hand)
Scrolls
 e - 7 scrolls of identify {unknown}
 f - 5 scrolls of blinking {unknown}
 g - 2 scrolls of immolation {unknown}
 i - 4 scrolls of remove curse {unknown}
 j - a scroll of enchant weapon {unknown}
 m - 4 scrolls of teleportation {unknown}
 r - a scroll of fear {unknown}
 s - a scroll of fog {unknown}
 v - 2 scrolls of magic mapping {unknown}
 x - 2 scrolls of amnesia {unknown}
 y - a scroll of random uselessness {unknown}
Potions
 k - a potion of lignification {unknown}
 l - a potion of brilliance {unknown}
 p - 2 potions of flight {unknown}
 q - 3 potions of might {unknown}
 w - a potion of curing
 z - 2 potions of cancellation {unknown}
Comestibles
 d - 7 rations


   Skills:
 + Level 5.6(4.2) Fighting
 - Level 1.7(0.5) Dodging
 - Level 1.7(0.5) Stealth
 * Level 3.4(2.1) Shields
 + Level 6.1(4.7) Spellcasting
 - Level 5.0(3.6) Conjurations
 - Level 1.0(0.0) Summonings
 + Level 2.3(1.1) Necromancy
 - Level 0.8(0.0) Translocations
 - Level 2.0(0.8) Air Magic
 - Level 3.0(1.7) Poison Magic


You had 11 spell levels left.
You knew the following spells:

 Your Spells              Type           Power        Failure   Level  Hunger
a - Magic Dart            Conj           ###.         3%          1    None
b - Mephitic Cloud        Conj/Pois/Air  ##......     19%         3    ##.....
d - Call Imp              Summ           #.......     22%         2    #......
h - Blink                 Tloc           N/A          22%         2    #......

Your spell library contained the following spells:

 Spells                   Type           Power        Failure   Level  Hunger
 Sting                    Conj/Pois      ###.         4%          1    None
 Animate Skeleton         Necr           N/A          9%          1    None
 Pain                     Necr           #...         9%          1    None
 Poisonous Vapours        Pois/Air       ##....       13%         2    #......
 Sublimation of Blood     Necr           #.........   14%         2    #......
 Conjure Flame            Conj/Fire      ###.....     21%         3    ##.....
 Slow                     Hex            #.......     22%         2    #......
 Regeneration             Chrm/Necr      #.........   34%         3    ##.....
 Olgreb's Toxic Radiance  Pois           ##......     56%         4    ####...
 Venom Bolt               Conj/Pois      ###.......   78%         5    ######.


Dungeon Overview and Level Annotations

Branches:
Dungeon (6/15)             Temple (1/1) D:5

Altars:
Ashenzari
Cheibriados
Dithmenos
Elyvilon
Fedhas
Gozag
Hepliaklqana
Kikubaaqudgha
Makhleb
Nemelex Xobeh
Okawaru
Qazlal
Ru
Sif Muna
Trog
Uskayaw
Vehumet
Wu Jian
Xom
Yredelemnul
The Shining One


Innate Abilities, Weirdness & Mutations

You have a pair of small antennae on your head.
You are mostly covered in thin metallic scales. (AC +3)
You are partially covered in sharp spines.
When hurt, damage is shared between your health and your magic reserves.


Message History

Casting: Magic Dart (safe; 2% risk of failure)
Confirm with . or Enter, or press ? or * to list all spells.
Aiming: Magic Dart (safe; 2% risk of failure)
Press: ? - help, Shift-Dir - straight line, f/p - wight
Aim: a wight, wielding a dire flail and wearing a robe (severely damaged)
The magic dart hits the wight.
The wight is severely damaged.
You block the wight's attack.
Casting: Magic Dart (safe; 2% risk of failure)
Confirm with . or Enter, or press ? or * to list all spells.
Aiming: Magic Dart (safe; 2% risk of failure)
Press: ? - help, Shift-Dir - straight line, f/p - wight
Aim: a wight, wielding a dire flail and wearing a robe (severely damaged)
The magic dart hits the wight.
The wight is almost destroyed.
The wight hits you with a dire flail!
* * * LOW HITPOINT WARNING * * *
You feel drained.
You die...
Kikubaaqudgha rasps: "You have failed me!
Welcome... death!"

#. .. .#.. ... #.#
###. ##)#
.....##.)###
.....).[<รท.# ##.##
...........###......
#....).....z@.......
#..........######...
............#
.....##.###...
..##..... ##.. #.
###.#. .. #. #. .#


You could see a wight.

Vanquished Creatures
  An ice beast (D:5)
  A black bear (D:5)
  2 sky beasts (D:5)
  2 ogres
  2 phantoms (D:5)
  4 bullfrogs
  4 wights
  A howler monkey (D:4)
  4 crimson imps
  A bullfrog zombie (D:5)
  3 orc priests
  2 hounds
  3 orc wizards
  3 worker ants
  A hound zombie (D:2)
  A hound skeleton (D:4)
  5 gnolls
  3 adders
  An ooze (D:1)
  2 adder zombies
  2 worms
  3 dart slugs
  A leopard gecko (D:1)
  38 orcs
  2 giant cockroaches
  8 goblins
  A hobgoblin (D:1)
  6 kobolds
  2 quokkas
  2 ball pythons
  3 bats
  5 frilled lizards
  3 rats
122 creatures vanquished.

Notes
Turn   | Place    | Note
-------+----------+-------------------------------------------
     0 | D:1      | Knicklaso the Demonspawn Wizard began the quest for the
                  | Orb.
     0 | D:1      | Reached XP level 1. HP: 13/13 MP: 4/4
   374 | D:1      | Gained mutation: When hurt, damage is shared between your
                  | health and your magic reserves. [demonic ancestry]
   374 | D:1      | Reached XP level 2. HP: 20/20 MP: 0/6
   734 | D:1      | Reached skill level 1 in Fighting
  1554 | D:2      | Noticed a bullfrog
  1644 | D:2      | Gained mutation: You are partially covered in sharp spines.
                  | [demonic ancestry]
  1644 | D:2      | Reached XP level 3. HP: 12/26 MP: 0/7
  1648 | D:2      | Learned a level 2 spell: Call Imp
  1651 | D:2      | Learned a level 2 spell: Blink
  1655 | D:2      | Learned a level 3 spell: Mephitic Cloud
  1828 | D:2      | Killed a bullfrog
  1828 | D:2      | Gained mutation: You have a pair of small antennae on your
                  | head. [demonic ancestry]
  1828 | D:2      | Reached XP level 4. HP: 17/34 MP: 0/9
  2389 | D:3      | Gained mutation: You are partially covered in thin metallic
                  | scales. (AC +2) [demonic ancestry]
  2389 | D:3      | Reached XP level 5. HP: 38/39 MP: 2/10
  2544 | D:3      | Reached skill level 4 in Spellcasting
  2744 | D:3      | Reached skill level 1 in Air Magic
  2744 | D:3      | Reached skill level 1 in Poison Magic
  3173 | D:3      | Reached XP level 6. HP: 35/46 MP: 3/12
  3396 | D:4      | Found a shimmering altar of Xom.
  3814 | D:4      | Reached XP level 7. HP: 49/52 MP: 3/13
  4545 | D:5      | Entered Level 5 of the Dungeon
  4645 | D:5      | Found a staircase to the Ecumenical Temple.
  4669 | Temple   | Entered the Ecumenical Temple
  4766 | Temple   | Became a worshipper of Kikubaaqudgha
  4792 | D:5      | Reached skill level 5 in Spellcasting
  5031 | D:5      | Gained mutation: You are mostly covered in thin metallic
                  | scales. (AC +3) [demonic ancestry]
  5031 | D:5      | Reached XP level 8. HP: 52/61 MP: 3/15
  5389 | D:5      | Reached skill level 5 in Conjurations
  5648 | D:6      | Reached skill level 5 in Fighting
  5648 | D:6      | Reached skill level 1 in Shields
  5657 | D:5      | Reached * piety under Kikubaaqudgha
  5657 | D:5      | Identified Kikubaaqudgha's Incunabulum of Darkness
                  | (Kikubaaqudgha gifted it to you on level 5 of the Dungeon)
  5657 | D:5      | Received a gift from Kikubaaqudgha
  5677 | D:5      | Reached skill level 1 in Necromancy
  6021 | D:5      | Reached skill level 6 in Spellcasting
  6118 | D:6      | HP: 2/63 [wight/dire flail (11)]
  6118 | D:6      | Slain by a wight

Skill      XL: |  1  2  3  4  5  6  7  8 |
---------------+-------------------------+-----
Fighting       | 1 2 3 4 5 |  5.6
Conjurations   | 2 3 4 5 |  5.0
Spellcasting   | 4 5 6 |  6.1
Air Magic      | 1 2 |  2.0
Poison Magic   | 1 2 3 |  3.0
Shields        | 3 |  3.4
Necromancy     | 2 |  2.3
Dodging        | |  1.7
Stealth        | |  1.7
Summonings     | |  1.0
Translocations | |  0.8

Action                   |  1- 3 |  4- 6 |  7- 9 || total
-------------------------+-------+-------+-------++-------
Melee: Dagger            |    42 |    71 |   144 ||   257
 Cast: Magic Dart        |    62 |    76 |    97 ||   235
       Mephitic Cloud    |       |     7 |    10 ||    17
 Stab: Sleeping          |       |     2 |       ||     2
       Confused          |       |     1 |     1 ||     2
  Eat: Ration            |     1 |       |       ||     1
       Chunk             |     3 |     7 |     8 ||    18
Armor: Robe              |     9 |     7 |    28 ||    44
Dodge: Dodged            |    45 |    33 |    68 ||   146
       Deflected         |       |       |     2 ||     2
Block: Buckler           |       |       |    26 ||    26
